 Dungeon Crawl Stone Soup version 0.29-a0-563-g64e4043 (webtiles) character file.

Game seed: 13467317692559498316

4252 BingusPrime the Nimble (level 10, -13/60 HPs)
             Began as a Djinni Fire Elementalist on June 10, 2022.
             Was an Elder of Zin.
             Killed by the air
             ... invoked by Gastronok
              (32 damage)
             ... on level 8 of the Dungeon on June 11, 2022.
             The game lasted 00:36:02 (10158 turns).

BingusPrime the Nimble (Djinni Fire Elementalist)  Turns: 10158, Time: 00:36:03

Health: -13/60     AC:  2    Str:  7    XL:     10   Next: 56%
Gold:   297        EV: 19    Int: 22    God:    Zin [****..] SH:  0 Dex: 13

rFire   + + +      SeeInvis .   u - staff of fire
rCold   . . .      Faith    .   (no shield)
rNeg    + . .      Spirit   .   o - +0 robe {rN+}
rPois   ∞          Reflect  .   (no helmet)
rElec   .          Harm     .   D - scarf {rC+ rF+}
rCorr   .          Rampage  .   (no gloves)
Will    +....                   (boots unavailable)
Stlth   +++.......              (no amulet)
HPRegen 0.20/turn               h - +4 ring of evasion
MPRegen 0.00/turn               (no ring)

@: flying
A: sickness immunity, fire resistance 2, cold vulnerability 1, float, innate
caster, HP casting, extra vitality 1
a: Renounce Religion, Recite, Vitalisation, Imprison, Donate Gold


You were on level 8 of the Dungeon.
You worshipped Zin.
Zin was greatly pleased with you.
You visited 1 branch of the dungeon, and saw 8 of its levels.

You collected 330 gold pieces.
You donated 33 gold pieces to Zin.

Inventory:

Missiles
 d - 4 atropa-tipped darts
 g - 3 datura-tipped darts
 q - 7 poisoned darts
Armour
 a - a +0 robe
 j - an orb of energy
 o - a +0 robe of positive energy (worn)
 y - a +2 cloak
 C - a +0 leather armour
 D - a scarf of resistance (worn)
Magical Staves
 u - a staff of fire (weapon)
Jewellery
 h - a +4 ring of evasion (left hand)
Wands
 n - a wand of iceblast (49)
 E - a wand of acid (6)
Scrolls
 e - a scroll of magic mapping
 f - 2 scrolls of enchant armour {unknown}
 i - a scroll of blinking {unknown}
 l - a scroll of immolation {unknown}
 m - a scroll of noise
 p - 3 scrolls of teleportation {unknown}
 r - 3 scrolls of fog
 s - a scroll of vulnerability {unknown}
 v - a scroll of enchant weapon {unknown}
 B - 2 scrolls of fear {unknown}
Potions
 b - 3 potions of curing
 c - 2 potions of attraction
 k - a potion of heal wounds
 t - 3 potions of ambrosia
 w - 2 potions of berserk rage
 x - 3 potions of flight
 z - 2 potions of brilliance {unknown}
 A - a potion of degeneration {unknown}


   Skills:
 + Level 8.3 Dodging
 - Level 5.7 Stealth
 + Level 7.8 Spellcasting
 + Level 3.7 Invocations
 + Level 3.7 Evocations


You had one spell level left.
You knew the following spells:

 Your Spells              Type           Power      Damage    Failure   Level
a - Foxfire               Conj/Fire      100%       2x1d9     1%          1
b - Scorch                Fire           100%       2d10      1%          2
c - Conjure Flame         Conj/Fire      60%        6-21      1%          3
d - Inner Flame           Hex/Fire       60%        N/A       1%          3
e - Flame Wave            Conj/Fire      60%        2d12      3%          4
f - Slow                  Hex            100%       N/A       1%          1
g - Passwall              Tmut/Erth      35%        N/A       1%          2
h - Mephitic Cloud        Conj/Pois/Air  43%        N/A       1%          3
i - Leda's Liquefaction   Hex/Erth       21%        N/A       3%          4
Your spell library was empty.

Dungeon Overview and Level Annotations

Branches:
Dungeon (8/15)             Temple (0/1) D:5            Lair (0/6) D:8

Altars:
Fedhas
Sif Muna
Trog
Wu Jian
Zin

Shops:
D:7 [

Annotations:
D:8 Gastronok


Innate Abilities, Weirdness & Mutations

You are immune to sickness and miasma.
You are immune to poison.
Your flesh is very heat resistant. (rF++)
You are vulnerable to cold. (rC-)
You float through the air rather than walking.
You learn spells naturally, not from books.
Your magical power is your life essence.
You have superior vitality. (+4 MHP)


Message History

You feel a surge of power!
You conjure some foxfire!
Casting: Foxfire (safe; 1% risk of failure)
Confirm with . or Enter, or press ? or * to list all spells.
You feel a surge of power!
You conjure some foxfire!
Gastronok is engulfed in noxious fumes.
Casting: Foxfire (safe; 1% risk of failure)
Confirm with . or Enter, or press ? or * to list all spells.
You feel a surge of power!
Flames lash Gastronok.
Gastronok is moderately wounded.
Gastronok's fire resistance burns away.
The foxfire hits Gastronok.
Gastronok is moderately wounded.
The foxfire hits Gastronok but does no damage.
Gastronok is moderately wounded.
The foxfire hits Gastronok!
Gastronok is burned terribly!
Gastronok is moderately wounded.
The foxfire hits Gastronok but does no damage.
Gastronok is moderately wounded.
Casting: Scorch (safe; 1% risk of failure)
Confirm with . or Enter, or press ? or * to list all spells.
You feel a surge of power!
Flames lash Gastronok.
Gastronok is burned terribly!
Gastronok is heavily wounded.
Casting: Scorch (safe; 1% risk of failure)
Confirm with . or Enter, or press ? or * to list all spells.
You feel a surge of power!
Flames lash Gastronok.
Gastronok is burned terribly!
Gastronok is heavily wounded.
Casting: Scorch (safe; 1% risk of failure)
Confirm with . or Enter, or press ? or * to list all spells.
You feel a surge of power!
Flames lash Gastronok.
Gastronok is burned terribly!
Gastronok is severely wounded.
Gastronok bites you!!
Gastronok casts a spell.
Gastronok puts on a burst of speed!
Casting: Scorch (safe; 1% risk of failure)
Confirm with . or Enter, or press ? or * to list all spells.
You feel a surge of power!
Flames lash Gastronok.
Gastronok is burned terribly!
Gastronok is severely wounded.
Gastronok waves his eye-stalks in wide circles.
The air twists around and strikes you!!
Ouch! That really hurt!
You die... #.#.## #PP..PP.PPPP#.#

##.#.##### #PP.>...PPPP..#
.........# #PP....P.....+#
#.##.###.# #PPPP.PP.......
#.##.# #.# #P.PP.......#
#.##.###.# #.........#
#.#......##########w....####...
(........).............'.......
#.#...#..####...@...####....w..
#.##.##..##.........# #......
#........##.#.#.#.#.# #.....
#####)...##.#.#...#.# #...#
#.#.###.#.##..#.# #+## #.###
#.#.##..#.# #.# #.#.>...#.##
#####.# #..........# ......#
#####..###.#


You could see Gastronok (swift, combustible).

Vanquished Creatures
  Erica (D:8)
  Pikel (D:8)
  Joseph (D:7)
  A komodo dragon (D:8)
  A steam dragon (D:7)
  A wyvern (D:7)
  A water moccasin (D:7)
  A sky beast (D:6)
  An ice beast (D:5)
  3 black bears (D:6)
  A centaur (D:5)
  4 ogres
  3 lemures (D:8)
  2 phantoms
  2 bullfrogs (D:7)
  3 scorpions
  A necrophage (D:5)
  6 wights
  A howler monkey (D:5)
  5 hounds
  2 jellies
  An iguana (D:6)
  Ijyb (D:3)
  2 orc wizards (D:6)
  4 gnolls (D:3)
  10 adders
  2 ufetubi (D:6)
  A worm (D:5)
  11 orcs
  3 endoplasms
  2 giant cockroaches
  3 goblins
  8 hobgoblins
  4 jackals (D:1)
  4 quokkas
  6 ball pythons
  8 bats
  2 frilled lizards
  7 kobolds
  9 rats
130 creatures vanquished.

Vanquished Creatures (collateral kills)
  A foxfire (D:8)
1 creature vanquished.

Vanquished Creatures (others)
  593 foxfires
  7 plants (D:8)
600 creatures vanquished.

Grand Total: 731 creatures vanquished

Notes
Turn   | Place    | Note
-------+----------+-------------------------------------------
     0 | D:1      | BingusPrime the Djinni Fire Elementalist began the quest
                  | for the Orb.
     0 | D:1      | Reached XP level 1. HP: 15/15 MP: 0/0
   284 | D:1      | Reached XP level 2. HP: 19/21 MP: 0/0
   912 | D:1      | Reached XP level 3. HP: 15/25 MP: 0/0
   912 | D:1      | Learned a level 1 spell: Slow
  1386 | D:1      | Found a faded altar of an unknown god.
  1622 | D:1      | Prayed at the altar of an unknown god.
  1622 | D:1      | Became a worshipper of Zin the Law-Giver
  1622 | D:1      | Reached * piety under Zin
  2390 | D:2      | Reached XP level 4. HP: 17/31 MP: 0/0
  3141 | D:3      | Reached skill level 3 in Dodging
  3368 | D:3      | Found a blossoming altar of Fedhas.
  3545 | D:3      | You are sucked into a shaft and drop 3 floors!
  3559 | D:6      | Reached XP level 5. HP: 30/35 MP: 0/0
  3559 | D:6      | Learned a level 2 spell: Passwall
  3683 | D:5      | Entered Level 5 of the Dungeon
  3735 | D:5      | Noticed an ogre
  3741 | D:5      | Killed an ogre
  3742 | D:5      | Reached XP level 6. HP: 33/40 MP: 0/0
  4016 | D:5      | Reached ** piety under Zin
  4095 | D:4      | Found an ornate altar of the Wu Jian Council.
  4216 | D:4      | Reached skill level 4 in Dodging
  4246 | D:4      | Noticed an ogre
  4252 | D:4      | Killed an ogre
  4253 | D:4      | Reached XP level 7. HP: 24/45 MP: 0/0
  4253 | D:4      | Learned a level 3 spell: Mephitic Cloud
  5300 | D:3      | Noticed Ijyb
  5310 | D:3      | Killed Ijyb
  5472 | D:3      | Reached skill level 5 in Spellcasting
  5632 | D:3      | Reached *** piety under Zin
  6017 | D:5      | Reached XP level 8. HP: 45/50 MP: 0/0
  6055 | D:5      | Found a staircase to the Ecumenical Temple.
  6065 | D:5      | Reached skill level 5 in Dodging
  7350 | D:6      | Reached skill level 6 in Dodging
  7350 | D:6      | Reached XP level 9. HP: 45/55 MP: 0/0
  7350 | D:6      | Learned a level 4 spell: Leda's Liquefaction
  7524 | D:6      | Reached skill level 5 in Stealth
  8197 | D:7      | Noticed Joseph
  8211 | D:7      | Killed Joseph
  8365 | D:7      | Found Affetromm's Antique Armour Boutique.
  8398 | D:7      | Reached skill level 7 in Dodging
  8662 | D:7      | Found a bloodstained altar of Trog.
  8822 | D:7      | Reached skill level 1 in Invocations
  8822 | D:7      | Reached skill level 1 in Evocations
  8969 | D:7      | Reached XP level 10. HP: 42/60 MP: 0/0
  9198 | D:7      | Upgraded the game from 0.29-a0-559-g359e09b to
                  | 0.29-a0-563-g64e4043
  9336 | D:8      | Noticed Pikel
  9345 | D:8      | Killed Pikel
  9509 | D:8      | Reached **** piety under Zin
  9525 | D:8      | Noticed Erica
  9546 | D:8      | Killed Erica
  9547 | D:8      | Reached skill level 8 in Dodging
  9910 | D:8      | Found a staircase to the Lair.
  9911 | D:8      | Noticed a komodo dragon
  9924 | D:8      | Noticed Gastronok
  9929 | D:8      | Killed a komodo dragon
 10158 | D:8      | Killed from afar by Gastronok

Illustrated notes

Levels and vault maps discovered:
D:1:      psy_arrival_basics, layout_basic, basic_ecumenical_altar
D:2:      layout_loops_corners
D:3:      layout_loops_ring, fedhas_altar_fruit_tree,
          nicolae_overflow_hidden_temple, uniq_ijyb
D:4:      layout_basic, nicolae_wu_jian_wuxing_cycle
D:5:      layout_gridville, temple_doors_e
D:6:      black_bear_nest_2, layout_loops_corners, general_overflow_altar
D:7:      layout_basic, mainiacjoe_overflow_alcove_1, serial_shops,
          nicolae_diamond_shop, uniq_joseph
D:8:      layout_loops_corners, tso_oasis_becter,
          nicolae_qazlal_style_of_elements, david_lair_shrubbed, uniq_erica,
          uniq_gastronok, uniq_pikel

Skill      XL: |  1  2  3  4  5  6  7  8  9 10 |
---------------+-------------------------------+-----
Stealth        | 2 3 4 5 |  5.7
Spellcasting   | 3 4 5 6 7 |  7.8
Dodging        | 3 4 6 7 8 |  8.3
Invocations    | 1 3 |  3.7
Evocations     | 1 3 |  3.7

Action                   |  1- 3 |  4- 6 |  7- 9 | 10-12 || total
-------------------------+-------+-------+-------+-------++-------
Melee: Unarmed           |     7 |     9 |     1 |       ||    17
 Cast: Foxfire           |   103 |    81 |   157 |    39 ||   380
       Scorch            |     2 |     4 |    48 |    19 ||    73
       Inner Flame       |       |       |     6 |     5 ||    11
       Passwall          |       |       |     1 |       ||     1
       Slow              |       |       |     4 |     1 ||     5
       Flame Wave        |       |       |     3 |     5 ||     8
       Conjure Flame     |       |       |     2 |       ||     2
       Leda's Liquefacti |       |       |     1 |       ||     1
       Mephitic Cloud    |       |       |       |     3 ||     3
Evoke: Wand              |       |       |       |     1 ||     1
  Use: Scroll            |     1 |     4 |     3 |     2 ||    10
Armor: Robe              |     1 |     4 |       |       ||     5
Dodge: Dodged            |    23 |    13 |    26 |    11 ||    73

Table legend: (Time is in decaauts)
 A = Elapsed time spent in this place.
 B = Non-inter-level travel time spent in this place.
 C = Inter-level travel time spent in this place.
 D = Time resting spent in this place.
 E = Time spent auto-exploring this place.
 F = Levels seen in this place.
 G = Mean time per level.
                   A        B        C        D        E       F      G
               +--------+--------+--------+--------+--------+-----+--------+
         Total |  10158 |   9599 |    559 |   1923 |   6614 |   8 | 1269.8 |
       Dungeon |  10158 |   9599 |    559 |   1923 |   6614 |   8 | 1269.8 |
               +--------+--------+--------+--------+--------+-----+--------+

Top non-repeatable levels by time:
     D:1: 1662 daAuts
     D:2: 1447 daAuts
     D:6: 1371 daAuts
     D:3: 1248 daAuts
     D:5: 1239 daAuts
     D:7: 1160 daAuts
     D:4: 1120 daAuts
     D:8: 907 daAuts
